 Dungeon Crawl Stone Soup version 0.29.0-4-gdea44cf6ec (webtiles) character file.

Game seed: 10428778103323820733

13 qw the Chopper (level 2, -1/17 HPs)
             Began as a Tengu Warper on Aug 28, 2022.
             Succumbed to their own poison gas
             ... on level 1 of the Dungeon.
             The game lasted 00:00:04 (968 turns).

qw the Chopper (Tengu Warper)                        Turns: 968, Time: 00:00:04

Health: -1/17      AC:  6    Str: 11    XL:     2   Next: 37%
Magic:  6/6        EV:  9    Int: 13    God:
Gold:   29         SH:  0    Dex: 13    Spells: 5/5 levels left

rFire   . . .      SeeInvis .   k - +0 hand axe (vamp)
rCold   . . .      Faith    .   (no shield)
rNeg    . . .      Spirit   .   i - +0 scale mail
rPois   .          Reflect  .   (helmet restricted)
rElec   .          Harm     .   (no cloak)
rCorr   .          Rampage  .   (no gloves)
Will    .....                   (boots unavailable)
Stlth   ..........              (no amulet)
HPRegen 0.05/turn               (no ring)
MPRegen 0.10/turn               (no ring)

@: lethally poisoned (-1 -> -9)
A: beak, talons 3
a: no special abilities


You were on level 1 of the Dungeon.
You visited 1 branch of the dungeon, and saw 1 of its levels.

You collected 29 gold pieces.


Innate Abilities, Weirdness & Mutations

You have a beak for a mouth.
You have claws for feet.


   Skills:
 - Level 2.0 Fighting
 + Level 3.3 Axes
 - Level 1.0 Throwing
 - Level 1.1 Armour
 - Level 2.1 Dodging
 - Level 2.0 Spellcasting
 - Level 2.4 Translocations


You had 5 spell levels left.
You didn't know any spells.
Your spell library contained the following spells:

 Spells                   Type           Power      Damage    Failure   Level
 Blink                    Tloc           14%        N/A       65%         2
 Gell's Gravitas          Tloc           7%         N/A       86%         3
 Lesser Beckoning         Tloc           7%         N/A       86%         3
 Teleport Other           Tloc           7%         N/A       86%         3
 Manifold Assault         Tloc           7%         N/A       100%        5

Inventory:

Hand Weapons
 d - a +0 whip
 k - a +0 vampiric hand axe (weapon)
Armour
 i - a +0 scale mail (worn)
Scrolls
 a - a scroll of identify
Potions
 e - a potion of curing {unknown}
 h - a potion of invisibility {unknown}

Dungeon Overview and Level Annotations

Branches:
Dungeon (1/15)

Altars:


Message History

As you read the scroll labelled BOHEYL DUEKK, it crumbles to dust.
It is a scroll of identify.
Really abort (and waste the scroll)?
Done exploring.
961 ||| READING scroll labelled IHUSTR OGOXACLI.
The air fills with toxic fumes!
As you read the scroll labelled IHUSTR OGOXACLI, it crumbles to dust.
It was a scroll of poison.
Done exploring.
962 ||| READING scroll labelled YXUIHI NEURYU.
As you read the scroll labelled YXUIHI NEURYU, it crumbles to dust.
It is a scroll of brand weapon.
Your +0 hand axe thirsts for the lives of mortals!
Y - a +0 vampiric hand axe (weapon)
Done exploring.
963 ||| READING scroll labelled QAPRACV GETEZU.
As you read the scroll labelled QAPRACV GETEZU, it crumbles to dust.
It is a scroll of enchant armour.
Really abort (and waste the scroll)?
Done exploring.
964 ||| DROPPING scroll of blinking.
You drop a scroll of blinking.
Done exploring.
(D) Dungeon
Where to? (* - list waypoints, ? - help)
What level of the Dungeon? (default 1, ? - help) Sorry, I don't know how to get there.
Done exploring.
965 ||| Stepping randomly (stuck).
Really walk into that cloud of poison gas?
You are engulfed in poison gas.
You are lethally poisoned!
You feel very sick.
966 ||| Stepping ~*~*~tactically~*~*~ (cloud).
You feel very sick.
Things that are here:
a scroll of blinking; a +0 leather armour
There is a lethal amount of poison in your body!
You feel very sick.
There is a lethal amount of poison in your body!
You die...

#....####.....#.# #....#
###...#.# #....# ###.#.# ######
#.#.# #...# ####### ##...
#¤0000###########.. #######
#¤¤¤0¤¤¤¤¤......... ......#
#¤@¤¤¤############. #####'##
##¤#### #..... #.....# #¤# #.....
#.....# #¤# #..... #.....# ###
#..... #.....# ###### #.....
####'## #######....########
####.# #.....#....##....#
##....#########.....#....##....##


There were no monsters in sight!

Vanquished Creatures
  A dart slug (D:1)
  2 ball pythons (D:1)
  A bat (D:1)
  2 goblins (D:1)
  A hobgoblin (D:1)
  A kobold (D:1)
  A frilled lizard (D:1)
  A rat (D:1)
10 creatures vanquished.

Notes
Turn   | Place    | Note
-------+----------+-------------------------------------------
     0 | D:1      | qw the Tengu Warper began the quest for the Orb.
     0 | D:1      | Reached XP level 1. HP: 12/12 MP: 4/4
     0 | D:1      | 0 ||| qw: Version: 0.1-a-89-g26bdef1
     0 | D:1      | 0 ||| qw: Game counter: 260
     0 | D:1      | 0 ||| qw: Always use a shield: true
     0 | D:1      | 0 ||| qw: God list: Okawaru
     0 | D:1      | 0 ||| qw: Allow faded altars: false
     0 | D:1      | 0 ||| qw: Do Orc after D:15 true
     0 | D:1      | 0 ||| qw: Do second Lair branch before Depths: true
     0 | D:1      | 0 ||| qw: Lair rune preference: random
     0 | D:1      | 0 ||| qw: Plans: Normal
     0 | D:1      | 0 ||| PLANNING D:1-11
    47 | D:1      | 47 ||| Stepping ~*~*~tactically~*~*~ (stealth).
   134 | D:1      | Found a faded altar of an unknown god.
   175 | D:1      | Reached XP level 2. HP: 15/17 MP: 6/6
   294 | D:1      | Reached skill level 3 in Axes
   949 | D:1      | 949 ||| UPGRADING to +0 scale mail.
   959 | D:1      | 959 ||| DROPPING +0 leather armour.
   960 | D:1      | 960 ||| READING 2 scrolls labelled BOHEYL DUEKK.
   961 | D:1      | 961 ||| READING scroll labelled IHUSTR OGOXACLI.
   962 | D:1      | 962 ||| READING scroll labelled YXUIHI NEURYU.
   963 | D:1      | 963 ||| READING scroll labelled QAPRACV GETEZU.
   964 | D:1      | 964 ||| DROPPING scroll of blinking.
   965 | D:1      | 965 ||| Stepping randomly (stuck).
   966 | D:1      | 966 ||| Stepping ~*~*~tactically~*~*~ (cloud).
   966 | D:1      | HP: 4/17 [poisoned by you (poison gas)]
   967 | D:1      | HP: 1/17 [poisoned by you (poison gas)]
   968 | D:1      | Succumbed to their own poison gas

Levels and vault maps discovered:
D:1:      scummos_arrival_simple_crosswalls, layout_basic,
          chequers_ecumenical_altar_island

Skill      XL: |  1  2 |
---------------+-------+-----
Axes           | 3 |  3.3
Fighting       | |  2.0
Throwing       | |  1.0
Armour         | |  1.1
Dodging        | |  2.1
Spellcasting   | |  2.0
Translocations | |  2.4

Action                   || total
-------------------------++-------
Melee: Hand axe          ||    20
       Peck              ||     4
       Kick              ||     5
Throw: Boomerang         ||     7
  Use: Scroll            ||     4
Armor: Leather armour    ||     1
Dodge: Dodged            ||    12

Table legend:
 A = Non-vault XP
 B = Vault XP
 C = Vault XP percentage of total XP
 D = Non-vault monster count
 E = Vault monster count
 F = Vault count percentage of total count
                 A         B        C        D         E       F
            +---------+---------+-------+---------+---------+-------
      Total |      19 |       0 |   0.0 |      10 |       0 |   0.0
            +---------+---------+-------+---------+---------+-------
        D:1 |      19 |       0 |   0.0 |      10 |       0 |   0.0
            +---------+---------+-------+---------+---------+-------
